 Dungeon Crawl Stone Soup version 0.26.0-15-gc6cd9f700b (webtiles) character file.

Game seed: 10821350771791774935

6 EnegeticOcto the Stinger (level 1, -1/15 HPs)
             Began as a Naga Venom Mage on Jan 16, 2021.
             Slain by a hobgoblin
             ... wielding a +0 club
              (3 damage)
             ... on level 1 of the Dungeon.
             The game lasted 00:00:26 (41 turns).

EnegeticOcto the Stinger (Naga Venom Mage)            Turns: 41, Time: 00:00:26

Health: -1/15      AC:  1    Str: 10    XL:     1   Next: 90%
Magic:  0/3        EV: 10    Int: 15    God:
Gold:   0          SH:  0    Dex: 11    Spells: 3/4 levels left

rFire    . . .     SeeInvis +   b - +0 whip
rCold    . . .     Faith    .   (no shield)
rNeg     . . .     Spirit   .   a - +0 robe
rPois    +         Reflect  .   (no helmet)
rElec    .         Harm     .   (no cloak)
rCorr    .         Rampage  .   (no gloves)
Will     .....                  (no barding)
Stlth    ++........             (no amulet)
HPRegen  0.05/turn              (no ring)
MPRegen  0.08/turn              (no ring)

@: short of breath, very slow
A: large, see invisible, deformed body, poison resistance, slowness 2, spit
poison 1, AC +0
a: Spit Poison


You were on level 1 of the Dungeon.
You visited 1 branch of the dungeon, and saw 1 of its levels.

Inventory:

Hand Weapons
 b - a +0 whip (weapon)
   (You found it on level 1 of the Dungeon)
Armour
 a - a +0 robe (worn)
Potions
 c - a potion of curing {unknown}


   Skills:
 - Level 1.5 Dodging
 - Level 3.0 Stealth
 - Level 2.0 Spellcasting
 - Level 1.0 Transmutations
 + Level 4.6 Poison Magic


You had 3 spell levels left.
You knew the following spells:

 Your Spells              Type           Power        Failure   Level
a - Sting                 Tmut/Pois      36%          7%          1

Your spell library contained the following spells:

 Spells                   Type           Power        Failure   Level
 Poisonous Vapours        Pois/Air       16%          13%         2
 Ignite Poison            Fire/Tmut/Pois 7%           30%         3
 Mephitic Cloud           Conj/Pois/Air  6%           34%         3
 Olgreb's Toxic Radiance  Pois           15%          32%         4


Dungeon Overview and Level Annotations

Branches:
Dungeon (1/15)

Altars:


Innate Abilities, Weirdness & Mutations

You cannot wear boots.
Your serpentine skin is tough. (AC +0)
You have supernaturally acute eyesight. (SInv)
Armour fits poorly on your strangely shaped body.
Your system is resistant to poisons. (rPois)
You cover ground very slowly.
You can spit poison.


Message History

The sting hits the frilled lizard.
The frilled lizard is poisoned.
You kill the frilled lizard!
You have got your breath back.
You see here a frilled lizard corpse.
A goblin comes into view. It is wielding a -1 club.
The goblin shouts!
You hear a bark!
The goblin moves out of view.
You see here a whip.
b - a +0 whip (weapon)
Press: ? - help, Shift-Dir - straight line, f - goblin
Aim: a goblin, wielding a -1 club The splash of poison hits the goblin!
You kill the goblin!
c - a ruby potion You have got your breath back.
Found 23 stones.
Things that are here:
a cursed -1 club; a goblin corpse A jackal comes into view.
The jackal barks!
You hear a bark!
A rat comes into view.
A jackal comes into view.
A jackal comes into view.
Press: ? - help, Shift-Dir - straight line, f - jackal
Aim: a jackal The splash of poison hits the jackal but does no damage.
A jackal comes into view.
Casting: Sting (safe; 8% risk of failure)
Confirm with . or Enter, or press ? or * to list all spells.
Aiming: Sting (safe; 8% risk of failure)
Press: ? - help, Shift-Dir - straight line, f/p - jackal
Aim: a jackal (40% to evade)
The sting misses the jackal.
The jackal bites you. The jackal bites you.
The jackal barks!
You hit the jackal.
The jackal is severely wounded.
You hear a shout!
The jackal bites you but does no damage.
The jackal bites you.
You closely miss the jackal.
The jackal is severely wounded.
You have got your breath back.
The jackal barely misses you.
Press: ? - help, Shift-Dir - straight line, f/p - jackal
Aim: a jackal (severely wounded)
The splash of poison hits the jackal.
The jackal is poisoned.
The jackal is lightly wounded.
You barely miss the jackal.
The jackal is heavily wounded.
The jackal barely misses you. The jackal bites you.
Casting: Sting (safe; 8% risk of failure)
Confirm with . or Enter, or press ? or * to list all spells.
Aiming: Sting (safe; 8% risk of failure)
Press: ? - help, Shift-Dir - straight line, f/p - jackal
Aim: a jackal (severely wounded, 40% to evade)
The sting hits the jackal.
The jackal looks even sicker.
You kill the jackal!
You have got your breath back.
A hobgoblin comes into view. It is wielding a +0 club.
You barely miss the jackal. The jackal barely misses you. x2
Casting: Sting (safe; 8% risk of failure)
Confirm with . or Enter, or press ? or * to list all spells.
Aiming: Sting (safe; 8% risk of failure)
Press: ? - help, Shift-Dir - straight line, f/p - jackal
Aim: a jackal (severely wounded, 40% to evade)
The sting hits the jackal.
The jackal is poisoned.
The jackal is moderately wounded.
The jackal barely misses you.
You barely miss the jackal.
The jackal is moderately wounded.
The jackal misses you. The jackal closely misses you.
You hit the jackal.
You kill the jackal!
Casting: Sting (safe; 7% risk of failure)
Confirm with . or Enter, or press ? or * to list all spells.
Aiming: Sting (safe; 7% risk of failure)
Press: ? - help, Shift-Dir - straight line, f/p - jackal
Aim: a jackal (heavily wounded, 40% to evade)
The sting misses the jackal.
The jackal closely misses you.
You closely miss the jackal.
The jackal is heavily wounded.
The jackal closely misses you. The jackal barely misses you.
Press: ? - help, Shift-Dir - straight line, f/p - jackal
Aim: a jackal (heavily wounded)
The splash of poison misses the jackal. x2; The jackal barely misses you.
You barely miss the jackal.
The jackal is heavily wounded.
The jackal bites you. x2
* * * LOW HITPOINT WARNING * * *
You hit the jackal but do no damage.
The jackal is heavily wounded.
The jackal bites you.
* * * LOW HITPOINT WARNING * * *
You hit the jackal.
You kill the jackal!
You hit the hobgoblin.
The hobgoblin is moderately wounded.
The hobgoblin hits you with a +0 club.
You die...

#+#########
#.........# ....
+.........# ....## #.#
...(.....# ..... #.
........# ....##.
.......##
#.....########........
#..........@gh.......
#..##..######.###....
#...........#)###.###
#.<..................
#..###'###†..####.###
#..##...##...#
#..#.+##.#...# #..#.#
#.+...# #..# # # #...#


You could see a jackal and a hobgoblin.

Vanquished Creatures
  A goblin (D:1)
  3 jackals (D:1)
  A frilled lizard (D:1)
5 creatures vanquished.

Notes
Turn   | Place    | Note
-------+----------+-------------------------------------------
     0 | D:1      | EnegeticOcto the Naga Venom Mage began the quest for the
                  | Orb.
     0 | D:1      | Reached XP level 1. HP: 15/15 MP: 3/3
    41 | D:1      | Slain by a hobgoblin

Illustrated notes

Levels and vault maps discovered:
D:1:      minmay_arrival_stone_box, layout_basic, st_stairs_5

Action                   || total
-------------------------++-------
Melee: Whip              ||    11
 Cast: Sting             ||     5
 Abil: Spit Poison       ||     5
Armor: Robe              ||     1
Dodge: Dodged            ||    11
